 Dungeon Crawl Stone Soup version 0.29-a0-520-gc852659d43 (webtiles) character file.

Game seed: 4562586139322470697

23 Morbidden the Gusty (level 2, 0/20 HPs)
             Began as a Demonspawn Air Elementalist on May 31, 2022.
             Slain by a kobold
             ... wielding a +0 short sword
              (3 damage)
             ... on level 2 of the Dungeon.
             The game lasted 00:01:46 (1928 turns).

Morbidden the Gusty (Demonspawn Air Elementalist)   Turns: 1928, Time: 00:01:47

Health: 0/20       AC:  2    Str:  8    XL:     2   Next: 72%
Magic:  0/5        EV: 12    Int: 16    God:
Gold:   101        SH:  0    Dex: 13    Spells: 4/5 levels left

rFire   . . .      SeeInvis .   (no weapon)
rCold   . . .      Faith    .   (no shield)
rNeg    . . .      Spirit   .   a - +0 robe
rPois   .          Reflect  .   (no helmet)
rElec   .          Harm     .   (no cloak)
rCorr   .          Rampage  .   (no gloves)
Will    .....                   (no boots)
Stlth   ++........              (no amulet)
HPRegen 0.06/turn               (no ring)
MPRegen 0.09/turn               (no ring)

@: no status effects
A: powered by pain 1
a: no special abilities


You were on level 2 of the Dungeon.
You visited 1 branch of the dungeon, and saw 2 of its levels.

You collected 101 gold pieces.

Inventory:

Armour
 a - a +0 robe (worn)
Scrolls
 d - a scroll of teleportation {unknown}
 i - a scroll of enchant weapon {unknown}
Potions
 b - a potion of magic
 c - a potion of attraction {unknown}
 e - a potion of brilliance {unknown}
 f - a potion of might {unknown}
 g - a potion of berserk rage {unknown}
 h - a potion of mutation {unknown}


   Skills:
 * Level 0.6 Fighting
 * Level 2.1 Dodging
 + Level 1.8 Stealth
 * Level 2.2 Spellcasting
 * Level 1.2 Conjurations
 * Level 3.0 Air Magic


You had 4 spell levels left.
You knew the following spells:

 Your Spells              Type           Power      Damage    Failure   Level
a - Shock                 Conj/Air       32%        1d5       9%          1

Your spell library contained the following spells:

 Spells                   Type           Power      Damage    Failure   Level
 Static Discharge         Conj/Air       8%         N/A       13%         2
 Swiftness                Air            11%        N/A       17%         3
 Airstrike                Air            5%         N/A       50%         4


Dungeon Overview and Level Annotations

Branches:
Dungeon (2/15)

Altars:
Qazlal

Shops:
D:1 [   D:2 [


Innate Abilities, Weirdness & Mutations

You sometimes gain a little power by taking damage.


Message History

You see here 17 gold pieces.
You now have 101 gold pieces (gained 17).
The kobold attacks as you move away!
The kobold hits you with a +0 short sword.
Found a ring mail.
The kobold attacks as you move away! The kobold closely misses you.
You hit the kobold.
The kobold is moderately wounded.
The kobold barely misses you.
Unknown command.
You barely miss the kobold.
The kobold is moderately wounded.
The kobold hits you with a +0 short sword.
You miss the kobold.
The kobold is moderately wounded.
The kobold hits you but does no damage.
Unknown command.
The kobold attacks as you move away! The kobold closely misses you.
The kobold hits you with a +0 short sword.
Unknown command.
The kobold attacks as you move away! The kobold hits you but does no damage.
Casting: Shock (safe; 9% risk of failure)
Confirm with . or Enter, or press ? or * to list all spells.
Aiming: Shock (safe; 9% risk of failure)
Press: ? - help, Shift-Dir - straight line The zap misses the kobold.
The zap hits the kobold.
The kobold is severely wounded.
The kobold hits you with a +0 short sword.
* * * LOW HITPOINT WARNING * * *
Unknown command.
Unknown command.
Casting: Shock (safe; 9% risk of failure)
Confirm with . or Enter, or press ? or * to list all spells.
You don't have enough magic to cast this spell.
Unknown command.
You hit the kobold but do no damage.
The kobold is severely wounded.
The endoplasm quivers.
The kobold hits you with a +0 short sword.
You die...

#######.# #.#
#######'#######
#.............#
#.......)####..
#.............
#........#####
###.#..P#..P.
#..K@#P####
#...#.#.P
#..#.#.###
#..#.#.# ##.[.^
J #.......
#########


You could see an endoplasm and a kobold.

Vanquished Creatures
  A bat (D:2)
  6 endoplasms
  A goblin (D:1)
  3 hobgoblins
  2 kobolds
  A ball python (D:1)
  3 frilled lizards (D:1)
  3 rats (D:1)
20 creatures vanquished.

Vanquished Creatures (others)
  4 plants (D:1)
4 creatures vanquished.

Grand Total: 24 creatures vanquished

Notes
Turn   | Place    | Note
-------+----------+-------------------------------------------
     0 | D:1      | Morbidden the Demonspawn Air Elementalist began the quest
                  | for the Orb.
     0 | D:1      | Reached XP level 1. HP: 13/13 MP: 3/3
   205 | D:1      | Found Liwk's Antique Armour Boutique.
   902 | D:1      | Gained mutation: You sometimes gain a little power by
                  | taking damage. [demonic ancestry]
   902 | D:1      | Reached XP level 2. HP: 20/20 MP: 1/5
  1409 | D:2      | Found a stormy altar of Qazlal.
  1428 | D:2      | Found Dyelixko's Antique Armour Emporium.
  1805 | D:2      | Reached skill level 3 in Air Magic
  1928 | D:2      | Slain by a kobold

Illustrated notes

Levels and vault maps discovered:
D:1:      dreamdust_arrival_beginning_and_end, layout_loops_corners,
          serial_shops, nicolae_shop_hallway_stairs, serial_bayou,
          serial_bayou_shore_b, serial_bayou_lake_a, serial_bayou_pond_e,
          serial_bayou_ford_a, minmay_misc_feat_tower
D:2:      layout_basic, shapermc_ecumenical_altar_rom_forum, basic_altar,
          serial_shops, nicolae_shop_statue_plus, minmay_misc_feat_roman

Skill      XL: |  1  2 |
---------------+-------+-----
Dodging        | 2 |  2.1
Air Magic      | 3 |  3.0
Fighting       | |  0.6
Stealth        | |  1.8
Spellcasting   | |  2.2
Conjurations   | |  1.2

Action                   || total
-------------------------++-------
Melee: Unarmed           ||    16
 Cast: Shock             ||    48
Armor: Robe              ||     3
Dodge: Dodged            ||     9

Table legend: (Time is in decaauts)
 A = Elapsed time spent in this place.
 B = Non-inter-level travel time spent in this place.
 C = Inter-level travel time spent in this place.
 D = Time resting spent in this place.
 E = Time spent auto-exploring this place.
 F = Levels seen in this place.
 G = Mean time per level.
                   A        B        C        D        E       F      G
               +--------+--------+--------+--------+--------+-----+--------+
         Total |   1984 |   1959 |     25 |    405 |   1360 |   2 |  992.0 |
       Dungeon |   1984 |   1959 |     25 |    405 |   1360 |   2 |  992.0 |
               +--------+--------+--------+--------+--------+-----+--------+

Top non-repeatable levels by time:
     D:1: 1617 daAuts
     D:2: 367 daAuts
